AoeStats
← Red_Badgers

Arena

511007905Analyzed
1v1 RM · 11h ago on Oct 3, 2026· 21m 16s· 2 players
Game mode
Random Map
Map size
Tiny (2 player)
Population
200
Speed
Normal
Resources
Standard
Victory
Conquest
Starting age
Dark Age
Ending age
Imperial Age
RankedLock teamsTeams togetherTeam positionsShared explorationLock speedFull tech treeHidden civsTurbo modeCheats
Victory
Defeat
🇳🇴 Khmer · Norway
1552
+16
🇺🇸 Hindustanis · United States
1549
-16
Red_Badgers
9:47 Loom
11:52 Feudal Age
15:33 Castle Age
13:21 Double-Bit Axe
13:34 Horse Collar
15:23 Loom
Zharoon
9:12 Feudal Age
11:56 Castle Age
10:45 Double-Bit Axe
11:36 Loom
11:49 Double-Bit Axe
Connection lost

Rejoining the realm…

Still unreachable

The connection could not be restored.

Session expired

The server has moved on; the page needs a fresh start.